Map: Hardwire LE

Players

YourBroChris

  • Race: Protoss Protoss
  • League: Diamond

Trap - Winner!

  • Race: Protoss Protoss

Event: DreamHack SC2 Masters Last Chance 2022

VOD

Have the link to the VOD?

Description

Time

  • Played on: Dec. 15, 2021, 4:10 a.m.
  • Length: 5:18

All games in this series

Show
View Real Time Build Order
Export as new Build Order

YourBroChris Protoss 

Build Orders:  

Get SALT Encoding   

  12  0:00  Probe  
  13  0:12  Probe  
  14  0:18  Pylon  
  14  0:24  Probe (Chrono Boost)  
  15  0:38  Probe (Chrono Boost)  
  15  0:41  Gateway  
  16  0:44  Probe (Chrono Boost)  
  16  0:47  Assimilator  
  17  0:52  Probe  
  17  0:55  Assimilator  
  18  1:04  Probe  
  18  1:11  Gateway  
  19  1:16  Probe  
  20  1:28  Cybernetics Core, Probe  
  21  1:40  Probe  
  21  1:44  Pylon  
  22  1:52  Probe  
  23  2:03  Warp Gate (Chrono Boost)  
  23  2:04  Gateway  
  23  2:07  Stalker x2  
  27  2:16  Pylon  
  27  2:37  Stalker x2  
  32  3:13  Sentry x2  
  32  3:16  Nexus  
  32  3:18  Pylon  
  34  3:33  Robotics Facility  
  34  3:36  Probe  
  35  3:45  Shield Battery  
  35  3:47  Stalker  
  37  3:49  Stalker  
  39  3:59  Pylon  
  39  4:17  Probe  
  39  4:19  Immortal (Chrono Boost)  
  44  4:32  Stalker x2  
  44  4:38  Probe x2  
  50  4:48  Pylon  
  44  5:13  Stalker  
Show
View Real Time Build Order
Export as new Build Order

Trap Protoss - Winner!

Build Orders:  

Get SALT Encoding   

  12  0:00  Probe  
  13  0:12  Probe  
  14  0:19  Pylon  
  14  0:24  Probe  
  15  0:37  Gateway, Probe (Chrono Boost)  
  16  0:46  Assimilator, Probe (Chrono Boost)  
  17  0:51  Probe (Chrono Boost)  
  17  0:54  Assimilator  
  18  1:03  Probe (Chrono Boost)  
  19  1:07  Gateway  
  19  1:12  Probe (Chrono Boost)  
  19  1:17  Probe (Chrono Boost)  
  20  1:24  Cybernetics Core  
  21  1:29  Probe  
  22  1:33  Pylon  
  22  1:41  Probe  
  23  1:54  Probe  
  23  2:00  Stalker x2, Warp Gate  
  28  2:09  Pylon  
  28  2:18  Robotics Facility  
  28  2:23  Shield Battery  
  28  2:31  Pylon  
  28  2:37  Stalker  
  28  2:39  Stalker  
  32  3:02  Immortal (Chrono Boost)  
  36  3:07  Stalker  
  38  3:18  Pylon  
  38  3:33  Warp Prism (Chrono Boost)  
  40  3:48  Stalker x2  
  42  3:51  Pylon  
  44  4:16  Nexus  
  44  4:17  Observer  
  44  4:20  Probe  
  46  4:30  Sentry x2  
  50  4:32  Probe  
  50  4:36  Pylon  
  51  4:44  Probe  
  52  4:56  Probe  
  53  5:01  Sentry x2  

Tags
 
Add a new tag
Caveats
  • Supply blocks, unpowered buildings, or Contaminate may cause inaccurate times.
  • Supply counts are checked every 10 seconds.